 Dungeon Crawl Stone Soup version 0.23-a0-456-gc514d67198 (webtiles) character file.

104 LostNumber the Caller (level 4, 0/33 HPs)
             Began as a Mummy Summoner on Nov 25, 2018.
             Killed from afar by an orc wizard (9 damage)
             ... with a magic dart
             ... on level 3 of the Dungeon.
             The game lasted 00:03:27 (3070 turns).

LostNumber the Caller (Mummy Summoner)              Turns: 3070, Time: 00:03:28

Health: 0/33       AC:  2    Str: 11    XL:     4   Next: 52%
Magic:  1/9        EV: 12    Int: 15    God:
Gold:   104        SH:  0    Dex: 12    Spells: 0/10 levels left

rFire    x . .     SeeInvis .   h - +0 spear
rCold    + . .     Gourm    .   (no shield)
rNeg     + + +     Faith    .   a - +0 robe
rPois    ∞         Spirit   .   (no helmet)
rElec    .         Reflect  .   (no cloak)
rCorr    +         Harm     .   (no gloves)
MR       .....                  (no boots)
Stlth    ++........             (no amulet)
HPRegen  0.11/turn              e - ring of resist corrosion
MPRegen  0.11/turn              (no ring)

@: no status effects
A: no food or potions, fire vulnerability, cold resistance 1, negative energy
resistance 3, torment resistance, unbreathing
a: no special abilities


You were on level 3 of the Dungeon.
You were not hungry.

You visited 1 branch of the dungeon, and saw 3 of its levels.

You collected 104 gold pieces.

Inventory:

Hand Weapons
 c - a +0 short sword
 h - a +0 spear (weapon)
Armour
 a - a +0 robe (worn)
Jewellery
 b - an uncursed ring of ice
 e - a ring of resist corrosion (left hand)
 k - an uncursed ring of ice
Wands
 l - a wand of flame (15)
Scrolls
 d - a scroll of enchant armour {unknown}
 f - 2 scrolls of remove curse
 g - 2 scrolls of magic mapping {unknown}
 i - a scroll of enchant weapon {unknown}
 j - 2 scrolls of immolation {unknown}
 m - a scroll of amnesia {unknown}


   Skills:
 + Level 1.8 Fighting
 - Level 1.5 Dodging
 - Level 1.5 Stealth
 + Level 3.7 Spellcasting
 * Level 4.1 Summonings
 * Level 0.5 Ice Magic


You couldn't memorise any spells.
You knew the following spells:

 Your Spells              Type           Power        Failure   Level  Hunger
a - Summon Small Mammal   Summ           ###.         3%          1    N/A
b - Call Imp              Summ           ###.....     5%          2    N/A
c - Call Canine Familiar  Summ           ###.....     11%         3    N/A
d - Summon Ice Beast      Ice/Summ       #.......     56%         4    N/A

Your spell library contained the following spells:

 Spells                   Type           Power        Failure   Level  Hunger
 Summon Guardian Golem    Hex/Summ       #.......     24%         3    N/A
 Summon Lightning Spire   Summ/Air       #.......     61%         4    N/A

Dungeon Overview and Level Annotations

Branches:
Dungeon (3/15)

Altars:
Cheibriados
Dithmenos
Uskayaw
Xom

Annotations:
D:3 3 runed doors, twirl's ghost, amateur GrFi


Innate Abilities, Weirdness & Mutations

You do not eat or drink.
Your flesh is vulnerable to fire.
You are immune to poison.
Your flesh is cold resistant. (rC+)
You are immune to negative energy. (rN+++)
You are immune to unholy pain and torment.
You can survive without breathing.


Message History

A beastly little devil appears in a puff of frigid air.
Casting: Call Imp (safe; 5% risk of failure)
Confirm with . or Enter, or press ? or * to list all spells.
A beastly little devil appears in a puff of frigid air.
Your shadow imp disappears in a puff of smoke!
The orc wizard mumbles some strange words.
The orc wizard blinks!
What are your orders? t - Shout!
Orders for allies: a - Attack new target. p - Attack previous target. r - Retreat! s - Stop attacking. g - Guard the area. f - Follow me.
Anything else - Cancel.
Gang up on whom?
Press: ? - help, Dir - move target cursor, f/p - orc wizard
Aim: an orc wizard, wielding a +0 dagger and wearing a +0 robe (heavily Attack!
The orc wizard points at you and mumbles some strange words.
The magic dart hits you!
You die...

#####... #.#.###+++### ##....#
##########.#.#.......# .'....+
...........#.####...##
##....#############§.#.#####..###
#................#..#...........
#..).....=.......§§§.....###....
#........................+..>...
#(...()).......5.........###....
#......).......@.h.......# #....
#................o.......# #....
#.............5..#....#### #####
#................#....# #
###################....##########
...........# #.....'.........
##########.# ###...########## #.#
#...# ##########.# #...#


You could see an orc wizard, a friendly hound and 2 friendly white imps.

Vanquished Creatures
  An orc wizard (D:3)
  2 adders (D:2)
  A worm (D:2)
  2 dart slugs
  3 leopard geckos
  2 orcs (D:3)
  3 giant cockroaches
  4 hobgoblins
  4 jackals (D:1)
  2 quokkas (D:2)
  6 bats
  6 frilled lizards
  2 goblins (D:2)
  3 kobolds
  4 rats
45 creatures vanquished.

Vanquished Creatures (collateral kills)
  An adder (D:2)
  A worm (D:2)
  5 orcs (D:3)
  3 hobgoblins
  A jackal (D:3)
  A quokka (D:3)
  A rat (D:1)
13 creatures vanquished.

Grand Total: 58 creatures vanquished

Notes
Turn   | Place    | Note
-------+----------+-------------------------------------------
     0 | D:1      | LostNumber the Mummy Summoner began the quest for the Orb.
     0 | D:1      | Reached XP level 1. HP: 13/13 MP: 4/4
   498 | D:1      | Reached XP level 2. HP: 16/20 MP: 5/5
   502 | D:1      | Learned a level 2 spell: Call Imp
  1303 | D:2      | Reached skill level 1 in Fighting
  1430 | D:2      | Reached XP level 3. HP: 26/26 MP: 7/7
  1435 | D:2      | Learned a level 3 spell: Call Canine Familiar
  1681 | D:2      | Found a snail-covered altar of Cheibriados.
  2021 | D:2      | Found a faded altar of an unknown god.
  2189 | D:2      | Found a shimmering altar of Xom.
  2198 | D:2      | Reached skill level 4 in Summonings
  2298 | D:2      | Noticed a +0 hand axe
  2299 | D:2      | Found a hide-covered altar of Uskayaw.
  2299 | D:2      | Noticed a +0 dagger
  2307 | D:2      | Found a shadowy altar of Dithmenos.
  2517 | D:2      | Reached XP level 4. HP: 29/32 MP: 9/9
  2524 | D:2      | Learned a level 4 spell: Summon Ice Beast
  2969 | D:3      | Found a runed gate.
  2970 | D:3      | Found a runed gate.
  2970 | D:3      | Found a runed gate.
  2976 | D:3      | Noticed twirl's ghost (amateur GrFi)
  3070 | D:3      | Killed from afar by an orc wizard

Vault maps used:
D:1:      minmay_arrival_diagonal_passages
D:2:      dancing_weapons_uskayaw, grunt_dithmenos_smoke,
          nicolae_overflow_hidden_temple, chequers_ecumenical_altar_grove,
          kennysheep_slug_shrine
D:3:      ebering_ghost_rock_garden

Skill      XL: |  1  2  3 |
---------------+----------+-----
Spellcasting   | 3 |  3.7
Fighting       | 1 |  1.8
Summonings     | 4 |  4.1
Dodging        | |  1.5
Stealth        | |  1.5
Ice Magic      | |  0.5

Action                   |  1- 3 |  4- 6 || total
-------------------------+-------+-------++-------
Melee: Short sword       |    28 |       ||    28
       Unarmed           |     4 |       ||     4
       Spear             |   112 |    48 ||   160
 Cast: Summon Small Mamm |     4 |       ||     4
       Call Imp          |     3 |     3 ||     6
       Call Canine Famil |     3 |     4 ||     7
  Use: Scroll            |       |     1 ||     1
 Stab: Sleeping          |    12 |     1 ||    13
Armor: Robe              |    25 |     1 ||    26
Dodge: Dodged            |    70 |    19 ||    89

Table legend:
 A = Non-vault XP
 B = Vault XP
 C = Vault XP percentage of total XP
 D = Non-vault monster count
 E = Vault monster count
 F = Vault count percentage of total count
                 A         B        C        D         E       F
            +---------+---------+-------+---------+---------+-------
      Total |     145 |       4 |   2.7 |      57 |       1 |   1.7
            +---------+---------+-------+---------+---------+-------
        D:1 |      31 |       0 |   0.0 |      20 |       0 |   0.0
        D:2 |      67 |       4 |   5.6 |      25 |       1 |   3.8
        D:3 |      47 |       0 |   0.0 |      12 |       0 |   0.0
            +---------+---------+-------+---------+---------+-------
